AoeStats
← 知耻而后勇喜笑颜开

Arabia

510058488Analyzed
1v1 RM · 2d ago on Sep 29, 2026· 33m 26s· 2 players
Game mode
Random Map
Map size
Tiny (2 player)
Population
200
Speed
Normal
Resources
Standard
Victory
Conquest
Starting age
Dark Age
Ending age
Imperial Age
RankedLock teamsTeams togetherTeam positionsShared explorationLock speedFull tech treeHidden civsTurbo modeCheats
Victory
Defeat
1439
+16
🇩🇪 Chinese · Germany
1440
-16
知耻而后勇喜笑颜开
7:12 Loom
10:46 Feudal Age
11:32 Double-Bit Axe
16:18 Castle Age
17:12 Bow Saw
17:55 Town Watch
18:02 Town Watch
19:16 Wheelbarrow
19:37 Fletching
23:57 Sanctity
24:39 Ballistics
24:22 Bodkin Arrow
27:38 Town Patrol
28:29 Treadmill Crane
30:23 Masonry
30:50 Murder Holes
32:58 Hand Cart
35:15 Imperial Age
33:17 Forging
33:12 Scale Barding Armor
Rodro
0:25 Loom
8:55 Feudal Age
10:15 Double-Bit Axe
18:32 Castle Age
16:39 Horse Collar
17:13 Fletching
19:11 Bodkin Arrow
18:37 Crossbowman
19:45 Bow Saw
20:16 Wheelbarrow
28:41 Hand Cart
28:12 Town Watch
33:53 Imperial Age
Connection lost

Rejoining the realm…

Still unreachable

The connection could not be restored.

Session expired

The server has moved on; the page needs a fresh start.